 Dungeon Crawl Stone Soup version 0.30-a0-591-g3c58d2bc28 (webtiles) character file.

Game seed: 9721229131567567939

643 tilp the Ducker (level 8, -4/66 HPs)
             Began as a Meteoran Fighter on Jan 6, 2023.
             Slain by a kobold brigand
             ... wielding a +0 war axe
              (6 damage)
             ... in a bailey.
             The game lasted 00:08:10 (1554 turns).

tilp the Ducker (Meteoran Fighter)                  Turns: 1554, Time: 00:08:10

Health: -4/66      AC: 10    Str: 18    XL:     8   Next: 8%
Magic:  9/9        EV:  7    Int: 10    God:
Gold:   150        SH:  9    Dex: 15    Spells: 7/7 levels left

rFire   . . .      SeeInvis .    a - +0 long sword
rCold   + + .      Faith    .    o - +0 kite shield
rNeg    . . .      Spirit   .    k - +0 chain mail
rPois   .          Reflect  .    (no helmet)
rElec   .          Harm     .    (no cloak)
rCorr   .          Rampage  .    (no gloves)
Will    +....                    p - +0 pair of boots Stlth
                                 (no amulet)
HPRegen 0.31/turn                f - ring of protection from cold
MPRegen 0.11/turn                e - ring of protection from cold

@: glowing
A: sense surroundings 1, otherworldly, glowing, explore regen
a: no special abilities


You were in a bailey.
You visited 1 branch of the dungeon, and saw 7 of its levels.
You also visited: Bailey.

You collected 150 gold pieces.

Inventory:

Hand Weapons
 a - a +0 long sword (weapon)
Missiles
 h - 28 stones (quivered)
 t - 3 boomerangs
Armour
 c - a +0 buckler
 k - a +0 chain mail (worn)
 m - a +0 scale mail of fire resistance
 o - a +0 kite shield (worn)
 p - a +0 pair of boots (worn)
 u - an orb of energy
Jewellery
 e - a ring of protection from cold (right hand)
 f - a ring of protection from cold (left hand)
Wands
 b - a wand of roots (3)
Scrolls
 r - a scroll of poison {unknown}
Potions
 g - 2 potions of mutation
 i - a potion of brilliance
 j - a potion of heal wounds {unknown}
 s - a potion of cancellation {unknown}


   Skills:
 + Level 4.2 Fighting
 + Level 4.3 Long Blades
 + Level 2.5 Throwing
 + Level 4.3 Armour
 + Level 4.4 Dodging
 * Level 2.5 Stealth
 + Level 4.3 Shields
 + Level 2.6 Evocations


You had 7 spell levels left.
You didn't know any spells.
Your spell library was empty.

Dungeon Overview and Level Annotations

Branches:
Dungeon (7/15) Zot: 2588   Bailey (1/1) Zot: 572
 Temple: D:4-7

Altars:
Hepliaklqana
Nemelex Xobeh
Wu Jian
The Shining One

Shops:
D:6 :


Innate Abilities, Weirdness & Mutations

You passively map a small area around you.
You are easily found by Zot.
You glow in the dark.
You regain HP and MP as you explore.


Message History

You block the kobold's attack.
The kobold hits you but does no damage. x2
The kobold brigand barely misses you.
Unknown command.
You hit the kobold brigand.
The kobold brigand is lightly wounded.
You feel sick.
You are no longer poisoned.
The kobold hits you but does no damage.
The kobold brigand hits you with a +0 war axe!
You block the kobold's attack. The kobold hits you but does no damage.
You closely miss the kobold. The kobold barely misses you.
The kobold brigand hits you with a +0 war axe.
The kobold hits you but does no damage. You block the kobold's attack.
The kobold brigand barely misses you.
You closely miss the kobold.
The kobold brigand hits you but does no damage.
The kobold barely misses you. The kobold hits you but does no damage.
You block the kobold's attack.
The kobold brigand hits you with a +0 war axe.
The kobold brigand hits you with a +0 war axe!
The kobold hits you. x2
The kobold brigand hits you with a +0 war axe!
* * * LOW HITPOINT WARNING * * *
The kobold hits you but does no damage.
You slash the kobold!
You kill the kobold!
The kobold hits you but does no damage.
The kobold brigand hits you but does no damage.
The kobold brigand hits you with a +0 war axe.
* * * LOW HITPOINT WARNING * * *
Unknown command.
You barely miss the kobold. The kobold barely misses you.
The kobold hits you but does no damage. You block the kobold's attack.
The kobold brigand hits you with a +0 war axe.
* * * LOW HITPOINT WARNING * * *
The kobold brigand hits you with a +0 war axe!
* * * LOW HITPOINT WARNING * * *
The kobold hits you but does no damage.
The kobold brigand hits you with a +0 war axe.
You die...

#...∩...#
#.......#
##..∩..## ##'''##
#...# #...# #...#
####K.(####
#KK@KK...~#
*#~~KKK....~~#
....~~.KK....~~..
*
.###~~.......~~##
,* *
..~~.......~~..
###~~.......~~##
.~~.......~~.
##~~.......~~ , ~
, ~


You could see 3 kobold brigands and 7 kobolds.

Vanquished Creatures
  Eustachio (D:4)
  An ice beast (D:4)
  An ogre (D:7)
  A phantom (D:5)
  A scorpion (D:5)
  A hound (D:4)
  An iguana (D:7)
  2 orc wizards
  3 adders
  An ufetubus (D:5)
  A dart slug (D:2)
  7 orcs
  14 goblins
  4 hobgoblins
  7 kobolds
  A quokka (D:4)
  3 ball pythons
  3 bats
  2 frilled lizards
  3 rats
58 creatures vanquished.

Notes
Turn   | Place    | Note
-------+----------+-------------------------------------------
     0 | D:1      | tilp the Meteoran Fighter began the quest for the Orb.
     0 | D:1      | Reached XP level 1. HP: 19/19 MP: 2/2
   105 | D:1      | Reached XP level 2. HP: 26/26 MP: 3/3
   148 | D:2      | Found an ornate altar of the Wu Jian Council.
   181 | D:2      | Reached skill level 1 in Dodging
   228 | D:2      | Reached XP level 3. HP: 31/31 MP: 4/4
   585 | D:2      | Reached XP level 4. HP: 38/38 MP: 5/5
   596 | D:3      | Found a faded altar of an unknown god.
   598 | D:3      | Found a glowing golden altar of the Shining One.
   744 | D:4      | Found a sparkling altar of Nemelex Xobeh.
   746 | D:4      | Noticed an ice beast
   757 | D:4      | Killed an ice beast
   758 | D:4      | Reached skill level 1 in Throwing
   758 | D:4      | Reached skill level 1 in Stealth
   758 | D:4      | Reached skill level 1 in Evocations
   758 | D:4      | Reached XP level 5. HP: 46/46 MP: 6/6
   758 | D:4      | Reached XP level 6. HP: 52/52 MP: 7/7
   760 | D:4      | Noticed Eustachio
   774 | D:4      | Killed Eustachio
   844 | D:4      | Reached XP level 7. HP: 31/59 MP: 8/8
   862 | D:5      | Entered Level 5 of the Dungeon
  1133 | D:4      | Found a hazy altar of Hepliaklqana.
  1234 | D:6      | Found Azy Ozid's Book Shop.
  1513 | D:7      | Reached XP level 8. HP: 44/66 MP: 9/9
  1525 | D:7      | Found a flagged portal.
  1531 | Bailey   | Entered a bailey
  1554 | Bailey   | HP: 2/66 [kobold brigand/+0 war axe (9)]
  1554 | Bailey   | Slain by a kobold brigand

Illustrated notes

Levels and vault maps discovered:
D:1:      minmay_arrival_four_houses, layout_rooms, minmay_hedge_maze
D:2:      kennysheep_the_goblin_king, layout_loops_corners, basic_altar,
          kennysheep_generic_room_13
D:3:      layout_rooms, trog_wizard, mainiacjoe_overflow_small_starburst,
          hellmonk_ecumenical_altar_pennies_from_heaven
D:4:      layout_basic, lemuel_tele_altar, overflow_temple_1_default,
          roderic_lattice_a, uniq_eustachio
D:5:      layout_basic, uniq_menkaure
D:6:      layout_basic, serial_shops, shop
D:7:      layout_layer_cave, minitemple, minmay_temple_entry_nine_rooms,
          enter_bailey_3, patterned_corridor, uniq_pikel
Bailey:   bailey_axe_3, bailey

Skill      XL: |  1  2  3  4  5  6  7 |
---------------+----------------------+-----
Dodging        | 1 3 4 |  4.4
Shields        | 4 |  4.3
Armour         | 4 |  4.3
Long Blades    | 3 4 |  4.3
Throwing       | 1 2 |  2.5
Stealth        | 1 2 |  2.5
Evocations     | 1 2 |  2.6
Fighting       | 4 |  4.2

Action                   |  1- 3 |  4- 6 |  7- 9 || total
-------------------------+-------+-------+-------++-------
Melee: Long sword        |    96 |    51 |   109 ||   256
Throw: Stone             |       |       |     2 ||     2
Evoke: Wand              |       |       |     2 ||     2
  Use: Potion            |       |     1 |       ||     1
       Scroll            |       |       |     6 ||     6
Armor: Scale mail        |    38 |       |       ||    38
       Chain mail        |    29 |    46 |    70 ||   145
Dodge: Dodged            |    32 |    32 |    29 ||    93
Block: Buckler           |    30 |    22 |     2 ||    54
       Kite shield       |       |       |    70 ||    70

Table legend: (Time is in decaauts)
 A = Elapsed time spent in this place.
 B = Non-inter-level travel time spent in this place.
 C = Inter-level travel time spent in this place.
 D = Time resting spent in this place.
 E = Time spent auto-exploring this place.
 F = Levels seen in this place.
 G = Mean time per level.
                   A        B        C        D        E       F      G
               +--------+--------+--------+--------+--------+-----+--------+
         Total |   1637 |   1423 |    214 |      0 |      0 |   8 |  204.6 |
       Dungeon |   1611 |   1397 |    214 |      0 |      0 |   7 |  230.1 |
        Bailey |     26 |     26 |      0 |      0 |      0 |   1 |   26.0 |
               +--------+--------+--------+--------+--------+-----+--------+

Top non-repeatable levels by time:
     D:4: 615 daAuts
     D:2: 489 daAuts
     D:5: 226 daAuts
     D:1: 134 daAuts
     D:7: 71 daAuts
     D:3: 66 daAuts
  Bailey: 26 daAuts
     D:6: 7 daAuts
